 Dungeon Crawl Stone Soup version 0.26-a0-738-g91b530ce93 (webtiles) character file.

Game seed: 1526523988716849373

62 Queen the Skirmisher (level 4, -16/49 HPs)
             Began as an Ogre Fighter on Nov 5, 2020.
             Demolished by a kobold
             ... wielding a +0 dagger of electrocution
              (20 damage)
             ... on level 2 of the Dungeon.
             The game lasted 00:02:20 (868 turns).

Queen the Skirmisher (Ogre Fighter)                  Turns: 868, Time: 00:02:20

Health: -16/49     AC:  3    Str: 21    XL:     4   Next: 8%
Magic:  4/4        EV:  8    Int:  9    God:
Gold:   67         SH:  8    Dex:  8    Spells: 3/3 levels left

rFire    . . .     SeeInvis +   a - +0 war axe
rCold    . . .     Faith    .   c - +0 kite shield
rNeg     . . .     Spirit   .   b - +0 robe
rPois    .         Reflect  .   (helmet restricted)
rElec    .         Harm     .   (no cloak)
rCorr    .         Rampage  .   (gloves unavailable)
MR       .....                  (boots unavailable)
Stlth    +.........             (no amulet)
HPRegen  0.16/turn              q - ring of see invisible
MPRegen  0.09/turn              (no ring)

@: no status effects
A: large, unfitting armour, tough skin 1
a: no special abilities


You were on level 2 of the Dungeon.
You visited 1 branch of the dungeon, and saw 2 of its levels.

You collected 67 gold pieces.

Inventory:

Hand Weapons
 a - a +0 war axe (weapon)
Armour
 b - a +0 robe (worn)
 c - a +0 kite shield (worn)
Jewellery
 q - a ring of see invisible (left hand)
Wands
 f - a wand of polymorph (10)
Scrolls
 g - a scroll of enchant armour
 h - a scroll of teleportation {unknown}
 i - a scroll of fear
Potions
 d - a potion of might
 e - a potion of cancellation {unknown}
 j - a potion of lignification {unknown}
 k - a potion of mutation {unknown}
 l - a potion of degeneration {unknown}
 m - a potion of brilliance {unknown}
 n - a potion of ambrosia {unknown}
 p - a potion of heal wounds {unknown}


   Skills:
 * Level 4.9 Fighting
 + Level 2.8 Axes
 + Level 3.1 Dodging
 + Level 3.0 Shields


You had 3 spell levels left.
You didn't know any spells.
Your spell library was empty.

Dungeon Overview and Level Annotations

Branches:
Dungeon (2/15)

Altars:


Innate Abilities, Weirdness & Mutations

You are too large for most types of armour.
You have tough skin. (AC +1)


Message History

The jackal bites you but does no damage.
Your shield prevents you from hitting the jackal.
The jackal is almost dead.
The jackal bites you. The jackal closely misses you.
You hit the jackal but do no damage.
The jackal is almost dead.
The jackal closely misses you. The jackal bites you.
You slash the jackal!
You kill the jackal!
The jackal bites you but does no damage. x2
You slash the jackal!
You kill the jackal!
You closely miss the kobold. You block the kobold's attack.
The kobold hits you with a +0 dagger of electrocution.
You are electrocuted!!
* * * LOW HITPOINT WARNING * * *
You hit the kobold.
The kobold is severely wounded.
The kobold hits you but does no damage.
You are electrocuted!!
You die...

#.#
###.#####.###...
#.#
##(###...###..#
#.#
##..((..."....##
#.#
#.†####)#....##
#.. ##.##
#......... .#.
##..# #..#.####.
#(.## #.##..#
#.## ..# #.# #@#
.#.# .. #K#
.##.# #.#
........# ..#
.........
......####
..?... ......
..... .....


You could see a kobold.

Vanquished Creatures
  Jessica (D:2)
  A leopard gecko (D:1)
  2 bats (D:1)
  A giant cockroach (D:1)
  A hobgoblin (D:1)
  5 jackals (D:2)
  A quokka (D:2)
  2 ball pythons
  A frilled lizard (D:1)
  7 goblins
  6 kobolds
  3 rats (D:1)
31 creatures vanquished.

Vanquished Creatures (others)
  A frilled lizard (D:1)
1 creature vanquished.

Grand Total: 32 creatures vanquished

Notes
Turn   | Place    | Note
-------+----------+-------------------------------------------
     0 | D:1      | Queen the Ogre Fighter began the quest for the Orb.
     0 | D:1      | Reached XP level 1. HP: 24/24 MP: 1/1
   252 | D:1      | Reached XP level 2. HP: 23/32 MP: 2/2
   694 | D:2      | Noticed Jessica
   700 | D:2      | Killed Jessica
   700 | D:2      | Reached XP level 3. HP: 32/40 MP: 3/3
   854 | D:2      | Reached XP level 4. HP: 35/49 MP: 4/4
   868 | D:2      | Demolished by a kobold

Illustrated notes

Levels and vault maps discovered:
D:1:      roderic_crossed_star, layout_rooms, st_stairs_8, lemuel_old_faithful
D:2:      layout_rooms, minmay_tetromino_s2, uniq_jessica

Skill      XL: |  1  2 |
---------------+-------+-----
Dodging        | 3 |  3.1
Shields        | 3 |  3.0
Fighting       | |  4.9
Axes           | |  2.8

Action                   |  1- 3 |  4- 6 || total
-------------------------+-------+-------++-------
Melee: War axe           |    81 |    13 ||    94
  Use: Scroll            |     4 |       ||     4
Armor: Robe              |    28 |     8 ||    36
Dodge: Dodged            |    38 |     4 ||    42
Block: Kite shield       |    54 |     4 ||    58

Table legend: (Time is in decaauts)
 A = Elapsed time spent in this place.
 B = Non-inter-level travel time spent in this place.
 C = Inter-level travel time spent in this place.
 D = Time resting spent in this place.
 E = Time spent auto-exploring this place.
 F = Levels seen in this place.
 G = Mean time per level.
                   A        B        C        D        E       F      G
               +--------+--------+--------+--------+--------+-----+--------+
         Total |    909 |    899 |     10 |      0 |    664 |   2 |  454.5 |
       Dungeon |    909 |    899 |     10 |      0 |    664 |   2 |  454.5 |
               +--------+--------+--------+--------+--------+-----+--------+

Top non-repeatable levels by time:
     D:1: 719 daAuts
     D:2: 190 daAuts
